SR
CAPITAL HILL INTERNS @ AMARILLO WARHEADS
08/08/2041
 
TOP OF THE 1ST
Capital Hill Interns batting - Pitching for Amarillo Warheads : RHP Khoury Abdul-Rahim
Pitching: RHP Khoury Abdul-Rahim
Batting: LHB Armando García 0-0: Fly out, F7 (Flyball, 7LS, EV 89.4 MPH)
Batting: RHB Valerio Salviati 0-0: Called Strike
0-1: Ground out 6-3 (Groundball, 6, EV 87.5 MPH)
Batting: LHB Gabriel Gonzáles 0-0: Called Strike
0-1: SINGLE (Groundball, 34D, EV 102.5 MPH)
Batting: RHB Asko Huhtamo 0-0: SINGLE (Flyball, 9S, EV 84.4 MPH)
Gabriel Gonzáles to second
Runner from 2nd tries for 3rd, SAFE, no throw by RF
Batting: RHB Javier García 0-0: Called Strike
0-1: Ball
1-1: Foul Ball, location: 2F
1-2: Ball
2-2: Strikes out swinging
Top of the 1st over - 0 runs, 2 hits, 0 errors, 2 left on base; Capital Hill 0 - Amarillo 0
BOTTOM OF THE 1ST
Amarillo Warheads batting - Pitching for Capital Hill Interns : RHP Charles Harvey
Pitching: RHP Charles Harvey
Batting: RHB Bao-tian Tong 0-0: Ball
1-0: Ball
2-0: Called Strike
2-1: Foul Ball, location: 2F
2-2: Fly out, F5 (Line Drive, 5, EV 63.8 MPH)
Batting: RHB Muralidhara Neena 0-0: Called Strike
0-1: Ball
1-1: Called Strike
1-2: Strikes out swinging
Batting: SHB Mario Roldán 0-0: Swinging Strike
0-1: Ball
1-1: Fly out, F9 (Flyball, 9, EV 83.8 MPH)
Bottom of the 1st over - 0 runs, 0 hits, 0 errors, 0 left on base; Capital Hill 0 - Amarillo 0
TOP OF THE 2ND
Capital Hill Interns batting - Pitching for Amarillo Warheads : RHP Khoury Abdul-Rahim
Batting: RHB Mo Westoby 0-0: Ball
1-0: Called Strike
1-1: Foul Ball, location: 2F
1-2: Ball
2-2: Foul Ball, location: 2F
2-2: Hit by Pitch
Batting: RHB Carlos Cardenas 0-0: Ball
1-0: Swinging Strike
1-1: Foul Ball, location: 2F
1-2: Ball
2-2: Fielders Choice at 2nd, 4-6 (Groundball, 4MD, EV 93.1 MPH)
Batting: RHB Devin Shaw 0-0: Foul Ball, location: 2F
0-1: Ball
1-1: Swinging Strike
1-2: Strikes out swinging
Batting: LHB Allen Edwards 0-0: Ball
1-0: Ball
2-0: Ball
3-0: SINGLE (Groundball, 13, EV 71.2 MPH) (infield hit)
Carlos Cardenas to second
Batting: LHB Armando García 0-0: Foul Ball, location: 9LSF, Error on foul ball, E9
0-1: Fly out, F5 (Popup, 5F, EV 76.2 MPH)
Top of the 2nd over - 0 runs, 1 hit, 1 error, 2 left on base; Capital Hill 0 - Amarillo 0
BOTTOM OF THE 2ND
Amarillo Warheads batting - Pitching for Capital Hill Interns : RHP Charles Harvey
Batting: RHB Yataro Nagai 0-0: Called Strike
0-1: Ball
1-1: Ground out 4-3 (Groundball, 4, EV 88.1 MPH)
Batting: RHB Getoff Mylawn 0-0: Ball
1-0: Fly out, F9 (Line Drive, 9D, EV 93.8 MPH)
Batting: LHB Michael Carlton 0-0: Ball
1-0: Swinging Strike
1-1: Fly out, F8 (Line Drive, 8RD, EV 92.5 MPH)
Bottom of the 2nd over - 0 runs, 0 hits, 0 errors, 0 left on base; Capital Hill 0 - Amarillo 0
TOP OF THE 3RD
Capital Hill Interns batting - Pitching for Amarillo Warheads : RHP Khoury Abdul-Rahim
Batting: RHB Valerio Salviati 0-0: DOUBLE (Groundball, 5L, EV 109.4 MPH)
Batting: LHB Gabriel Gonzáles 0-0: Called Strike
0-1: Foul Ball, location: 2F
0-2: Ball
1-2: Foul Ball, location: 2F
1-2: Ball
2-2: Foul Ball, location: 2F
2-2: Ball
3-2: Ground out 5-3 (Groundball, 5L, EV 101.2 MPH)
Batting: RHB Asko Huhtamo 0-0: Ground out 1-3 (Groundball, P, EV 85.6 MPH)
Valerio Salviati to third
Batting: RHB Javier García 0-0: Ground out 5-3 (Groundball, 56, EV 99.4 MPH)
Top of the 3rd over - 0 runs, 1 hit, 0 errors, 1 left on base; Capital Hill 0 - Amarillo 0
BOTTOM OF THE 3RD
Amarillo Warheads batting - Pitching for Capital Hill Interns : RHP Charles Harvey
Batting: RHB Tomas Venema 0-0: Ground out 6-3 (Groundball, 6, EV 81.2 MPH)
Batting: RHB Héctor Bernard 0-0: Swinging Strike
0-1: Ball
1-1: Ball
2-1: Ground out 1-3 (Groundball, 13, EV 65.6 MPH)
Batting: RHB Anthony Bonham 0-0: Foul Ball, location: 2F
0-1: Foul Ball, location: 2F
0-2: Ball
1-2: Fly out, F7 (Flyball, 7S, EV 90.0 MPH)
Bottom of the 3rd over - 0 runs, 0 hits, 0 errors, 0 left on base; Capital Hill 0 - Amarillo 0
TOP OF THE 4TH
Capital Hill Interns batting - Pitching for Amarillo Warheads : RHP Khoury Abdul-Rahim
Batting: RHB Mo Westoby 0-0: Ball
1-0: Ball
2-0: Ball
3-0: Called Strike
3-1: Foul Ball, location: 2F
3-2: Ground out 6-3 (Groundball, 56, EV 102.5 MPH)
Batting: RHB Carlos Cardenas 0-0: SINGLE (Flyball, 89S, EV 96.9 MPH)
Batting: RHB Devin Shaw 0-0: Ball
1-0: Ball
2-0: Called Strike
2-1: Ball
3-1: Base on Balls
Carlos Cardenas to second
Batting: LHB Allen Edwards 0-0: Foul Ball, location: 2F
0-1: Ball
1-1: Ball
2-1: SINGLE (Line Drive, 56D, EV 98.1 MPH)
Carlos Cardenas to third
Devin Shaw to second
Runner from 3rd tries for Home, SAFE, throw by LF to home
Batting: LHB Armando García 0-0: Called Strike
0-1: Foul Ball, location: 2F
0-2: Fly out, F8 (Flyball, 8LD, EV 88.8 MPH)
Runner from 2nd tags up, SAFE at 3rd with throw by CF
Batting: RHB Valerio Salviati 0-0: TRIPLE (Line Drive, 9LD, EV 101.9 MPH)
Devin Shaw scores
Allen Edwards scores
Batting: LHB Gabriel Gonzáles 0-0: Ball
1-0: Foul Ball, location: 2F
1-1: Ball
2-1: Foul Ball, location: 2F
2-2: Ground out 6-3 (Groundball, 6, EV 96.2 MPH)
Top of the 4th over - 3 runs, 3 hits, 0 errors, 1 left on base; Capital Hill 3 - Amarillo 0
BOTTOM OF THE 4TH
Amarillo Warheads batting - Pitching for Capital Hill Interns : RHP Charles Harvey
Batting: RHB Bao-tian Tong 0-0: Ball
1-0: Bunt for hit to 5S - play at first, batter safe!
Batting: RHB Muralidhara Neena 0-0: Ball
1-0: Ball
2-0: Ball
3-0: Base on Balls
Bao-tian Tong to second
Batting: SHB Mario Roldán 0-0: Ball
1-0: Grounds into double play, 6-4-3 (Groundball, 6M, EV 84.4 MPH)
Bao-tian Tong to third
Batting: RHB Yataro Nagai 0-0: Fly out, F7 (Flyball, 78S, EV 84.4 MPH)
Bottom of the 4th over - 0 runs, 1 hit, 0 errors, 1 left on base; Capital Hill 3 - Amarillo 0
TOP OF THE 5TH
Capital Hill Interns batting - Pitching for Amarillo Warheads : RHP Khoury Abdul-Rahim
Batting: RHB Asko Huhtamo 0-0: Ball
1-0: Ball
2-0: Foul Ball, location: 2F
2-1: Foul Ball, location: 2F
2-2: Fly out, F9 (Flyball, 89D, EV 85.6 MPH)
Batting: RHB Javier García 0-0: Called Strike
0-1: Ball
1-1: Ground out 6-3 (Groundball, 6M, EV 80.6 MPH)
Batting: RHB Mo Westoby 0-0: SINGLE (Groundball, 5D, EV 106.9 MPH)
Batting: RHB Carlos Cardenas 0-0: SINGLE (Flyball, 78S, EV 89.4 MPH)
Mo Westoby to second
Batting: RHB Devin Shaw 0-0: Swinging Strike
0-1: Ball
1-1: Foul Ball, location: 2F
1-2: Ball
2-2: Foul Ball, location: 2F
2-2: Fly out, F7 (Flyball, 78D, EV 95.0 MPH)
Top of the 5th over - 0 runs, 2 hits, 0 errors, 2 left on base; Capital Hill 3 - Amarillo 0
BOTTOM OF THE 5TH
Amarillo Warheads batting - Pitching for Capital Hill Interns : RHP Charles Harvey
Batting: RHB Getoff Mylawn 0-0: Fly out, F7 (Flyball, 7D, EV 101.9 MPH)
Batting: LHB Michael Carlton 0-0: Called Strike
0-1: Fly out, F6 (Line Drive, 6, EV 66.9 MPH)
Batting: RHB Tomas Venema 0-0: Ground out U3 (Groundball, 3, EV 89.4 MPH)
Bottom of the 5th over - 0 runs, 0 hits, 0 errors, 0 left on base; Capital Hill 3 - Amarillo 0
TOP OF THE 6TH
Capital Hill Interns batting - Pitching for Amarillo Warheads : RHP Khoury Abdul-Rahim
Batting: LHB Allen Edwards 0-0: Ball
1-0: SOLO HOME RUN (Flyball, 9LD, EV 99.4 MPH), Distance : 347 ft
Batting: LHB Armando García 0-0: Ball
1-0: Ball
2-0: Ball
3-0: Base on Balls
Batting: RHB Valerio Salviati 0-0: Foul Ball, location: 2F
0-1: Called Strike
0-2: Strikes out swinging
Batting: LHB Gabriel Gonzáles 0-0: Ball
1-0: Ball
2-0: Ball
3-0: Called Strike
3-1: Foul Ball, location: 2F
3-2: Base on Balls
Armando García to second
Batting: RHB Asko Huhtamo 0-0: Swinging Strike
0-1: Swinging Strike
0-2: Ball
1-2: Strikes out swinging
Batting: RHB Javier García 0-0: Called Strike
0-1: Ball
1-1: Fly out, F8 (Flyball, 8LS, EV 76.2 MPH)
Top of the 6th over - 1 run, 1 hit, 0 errors, 2 left on base; Capital Hill 4 - Amarillo 0
BOTTOM OF THE 6TH
Amarillo Warheads batting - Pitching for Capital Hill Interns : RHP Charles Harvey
Batting: RHB Héctor Bernard 0-0: Ground out 4-3 (Groundball, 4, EV 97.5 MPH)
Batting: RHB Anthony Bonham 0-0: Fly out, F6 (Popup, 4M, EV 73.1 MPH)
Batting: RHB Bao-tian Tong 0-0: Ball
1-0: Ground out 4-3 (Groundball, 34, EV 79.4 MPH)
Bottom of the 6th over - 0 runs, 0 hits, 0 errors, 0 left on base; Capital Hill 4 - Amarillo 0
TOP OF THE 7TH
Capital Hill Interns batting - Pitching for Amarillo Warheads : RHP Khoury Abdul-Rahim
Batting: RHB Mo Westoby 0-0: Ball
1-0: Fly out, F7 (Flyball, 7D, EV 93.8 MPH)
Batting: RHB Carlos Cardenas 0-0: Ball
1-0: Ball
2-0: SINGLE (Groundball, 6MD, EV 96.2 MPH)
Pitching: RHP Noah Keyte
Batting: RHB Devin Shaw 0-0: Swinging Strike
0-1: Swinging Strike
0-2: Strikes out swinging
Batting: LHB Allen Edwards 0-0: Ball
1-0: Swinging Strike
1-1: Ball
2-1: Ground out 4-3 (Groundball, 4, EV 83.8 MPH)
Top of the 7th over - 0 runs, 1 hit, 0 errors, 1 left on base; Capital Hill 4 - Amarillo 0
BOTTOM OF THE 7TH
Amarillo Warheads batting - Pitching for Capital Hill Interns : RHP Charles Harvey
Batting: RHB Muralidhara Neena 0-0: Ground out 6-3 (Groundball, 6, EV 102.5 MPH)
Batting: SHB Mario Roldán 0-0: Foul Ball, location: 2F
0-1: Ball
1-1: Called Strike
1-2: Strikes out swinging
Batting: RHB Yataro Nagai 0-0: Ball
1-0: SINGLE (Line Drive, 7LS, EV 95.6 MPH)
Batting: RHB Getoff Mylawn 0-0: Called Strike
0-1: Foul Ball, location: 2F
0-2: Foul Ball, location: 2F
0-2: Foul Ball, location: 2F
0-2: Foul Ball, location: 2F
0-2: Ball
Wild Pitch!
Yataro Nagai to second
1-2: Strikes out swinging
Bottom of the 7th over - 0 runs, 1 hit, 0 errors, 1 left on base; Capital Hill 4 - Amarillo 0
TOP OF THE 8TH
Capital Hill Interns batting - Pitching for Amarillo Warheads : RHP Noah Keyte
Batting: LHB Armando García 0-0: Called Strike
0-1: Ball
1-1: Foul Ball, location: 2F
1-2: Foul Ball, location: 2F
1-2: Ball
2-2: Ball
3-2: Fly out, F8 (Flyball, 89D, EV 87.5 MPH)
Batting: RHB Valerio Salviati 0-0: Ball
1-0: Ball
2-0: Swinging Strike
2-1: TRIPLE (Flyball, 89XD, EV 104.4 MPH)
Batting: LHB Gabriel Gonzáles 0-0: Ball
1-0: Called Strike
1-1: Ball
2-1: Foul Ball, location: 2F
2-2: Ball
3-2: Fly out, F8 (Flyball, 8LM, EV 91.2 MPH)
Runner from 3rd tags up, SCORES, no throw by CF
Batting: RHB Asko Huhtamo 0-0: Ball
1-0: Ground out U3 (Groundball, 34, EV 81.2 MPH)
Top of the 8th over - 1 run, 1 hit, 0 errors, 0 left on base; Capital Hill 5 - Amarillo 0
BOTTOM OF THE 8TH
Amarillo Warheads batting - Pitching for Capital Hill Interns : RHP Charles Harvey
Batting: LHB Michael Carlton 0-0: Ball
1-0: Fly out, F8 (Flyball, 8LM, EV 77.5 MPH)
Batting: RHB Tomas Venema 0-0: Called Strike
0-1: Called Strike
0-2: Ball
1-2: Strikes out swinging
Batting: RHB Héctor Bernard 0-0: Ball
1-0: Called Strike
1-1: Ball
2-1: SINGLE (Line Drive, 8RS, EV 104.4 MPH)
Batting: RHB Anthony Bonham 0-0: Reached on error, E8 (Flyball, 8RM, EV 75.0 MPH)
Héctor Bernard to third
Batting: RHB Bao-tian Tong 0-0: Called Strike
0-1: Ball
1-1: Called Strike
1-2: Fly out, F7 (Line Drive, 7, EV 89.4 MPH)
Bottom of the 8th over - 0 runs, 1 hit, 1 error, 2 left on base; Capital Hill 5 - Amarillo 0
TOP OF THE 9TH
Capital Hill Interns batting - Pitching for Amarillo Warheads : RHP Noah Keyte
Pitching: RHP Rey Counsell
Batting: RHB Javier García 0-0: Ball
1-0: Ball
2-0: Fly out, F3 (Line Drive, 3, EV 68.1 MPH)
Batting: RHB Mo Westoby 0-0: Foul Ball, location: 2F
0-1: SINGLE (Line Drive, 8LS, EV 93.1 MPH)
Batting: RHB Carlos Cardenas 0-0: Hit by Pitch
Mo Westoby to second
Batting: RHB Devin Shaw 0-0: Called Strike
0-1: Swinging Strike
0-2: Ball
1-2: Ball
Wild Pitch!
Mo Westoby to third
Carlos Cardenas to second
2-2: Strikes out swinging
Batting: LHB Allen Edwards 0-0: Called Strike
0-1: Ball
1-1: Ball
Wild Pitch!
Mo Westoby scores
Carlos Cardenas to third
2-1: Swinging Strike
2-2: Strikes out swinging
Top of the 9th over - 1 run, 1 hit, 0 errors, 1 left on base; Capital Hill 6 - Amarillo 0
BOTTOM OF THE 9TH
Amarillo Warheads batting - Pitching for Capital Hill Interns : RHP Charles Harvey
Batting: RHB Muralidhara Neena 0-0: Ground out 4-3 (Groundball, 4S, EV 82.5 MPH)
Batting: SHB Mario Roldán 0-0: Ball
1-0: Ground out U3 (Groundball, 34, EV 85.0 MPH)
Batting: RHB Yataro Nagai 0-0: Foul Ball, location: 2F
0-1: Ball
1-1: Foul Ball, location: 2F
1-2: Ground out U3 (Groundball, 3, EV 102.5 MPH)
Bottom of the 9th over - 0 runs, 0 hits, 0 errors, 0 left on base; Capital Hill 6 - Amarillo 0
Tuesday, January 5th, 2021 - OOTP Baseball 20.8 Build 74